 Dungeon Crawl Stone Soup version 0.18-a0-844-g9229740 (webtiles) character file.

9596 Geeful the Brawler (level 11, -3/72 HPs)
             Began as a Human Wanderer on Dec 19, 2015.
             Was a Believer of Makhleb.
             Slain by a brown ugly thing (8 damage)
             ... on level 12 of the Dungeon.
             The game lasted 00:47:27 (13112 turns).

Geeful the Brawler (Human Wanderer)                Turns: 13112, Time: 00:47:27

Health: -3/72      AC:  9    Str: 21      XL:     11   Next: 77%
Magic:  14/14      EV: 11    Int: 13      God:    Makhleb [**....]
Gold:   180        SH:  4    Dex: 11 (12) Spells: 0 memorised, 10 levels left

rFire  . . .     SeeInvis .       - Unarmed
rCold  + . .     Gourm    .     A - +2 ring mail {rC+}
rNeg   . . .     Faith    .     T - +0 buckler
rPois  .         Spirit   .     (no helmet)
rElec  .         Dismiss  .     W - +2 cloak
rCorr  .         Reflect  .     F - +0 pair of gloves {archery}
SustAt .         Harm     .     m - +0 pair of boots
MR     .....     Rnd*Rage +     (no amulet)
Stlth  +.........               r - +6 ring of slaying
                                k - +5 ring of strength

@: corroded equipment, very slightly contaminated, invisible, not resistant to
hostile enchantments, very unstealthy
A: hooves 2, berserk 1, evolution 1, no device heal 1
a: Minor Destruction, Renounce Religion


You were on level 12 of the Dungeon.
You worshipped Makhleb.
Makhleb was pleased with you.
You were not hungry.

You visited 2 branches of the dungeon, and saw 13 of its levels.

You collected 833 gold pieces.
You spent 653 gold pieces at shops.

Inventory:

Missiles
 y - 3 curare-tipped needles
 J - 21 poisoned needles
Armour
 a - a +2 scale mail
 m - a +0 pair of boots (worn)
 A - a +2 ring mail of cold resistance (worn)
 F - a +0 pair of gloves of archery (worn)
 T - a +0 buckler (worn)
 W - a +2 cloak (worn)
Jewellery
 h - an uncursed ring of ice
 k - a +5 ring of strength (left hand)
 l - an uncursed ring of wizardry
 r - a +6 ring of slaying (right hand)
 t - a +6 ring of intelligence
 C - an uncursed ring of magical power
 G - an uncursed ring of see invisible
Wands
 c - a wand of enslavement (16)
 B - a wand of disintegration (9)
 I - a wand of digging (17)
 Q - a wand of invisibility (5)
 R - a wand of fireball (8)
Scrolls
 e - 4 scrolls of magic mapping
 p - a scroll of torment {unknown}
 v - 4 scrolls of remove curse
 w - 2 scrolls of fog
 E - 2 scrolls of teleportation
 N - a scroll of enchant weapon
Potions
 i - 3 potions of flight
 n - 3 potions of curing
 o - 2 potions of invisibility
 u - a potion of haste
 D - 2 potions of brilliance
Books
 b - Sif Muna's Incunabulum of the Countless Wars
   (You found it on level 3 of the Dungeon)

   Spells                             Type                      Level
   a - Infusion                       Charms                       1
Comestibles
 d - 5 bread rations
 f - 10 meat rations
 g - 4 beef jerkies
 j - 5 chunks of flesh
 q - 33 fruits


   Skills:
 - Level 2.0 Fighting
   Level 1.0 Short Blades
 - Level 1.0 Throwing
 - Level 4.0 Armour
 - Level 1.0 Dodging
 - Level 1.0 Stealth
 - Level 4.1 Shields
 * Level 15.4 Unarmed Combat
 + Level 5.1 Invocations


You had 10 spell levels left.
You didn't know any spells.

Dungeon Overview and Level Annotations

Branches:
Dungeon (12/15)            Temple (1/1) D:5            Lair (0/8) D:9
    Orc (0/2) D:11

Altars:
Ashenzari
Cheibriados
Dithmenos
Elyvilon
Fedhas
Gozag
Kikubaaqudgha
Makhleb
Nemelex Xobeh
Okawaru
Pakellas
Qazlal
Ru
Sif Muna
Trog
Vehumet
Xom
Yredelemnul
Zin
The Shining One
Lugonu

Shops:
D:6 *!==?   D:12 :*


Innate Abilities, Weirdness & Mutations

You have hoof-like feet.
You tend to lose your temper in combat.
You evolve.
Potions and wands are less effective at restoring your health.


Message History

The acid corrodes you!
The acid burns!
* * * LOW HITPOINT WARNING * * *
You pummel the brown ugly thing!!
The brown ugly thing is severely wounded.
Evoke which item? (* to show all) (? for menu, Esc to quit)
Zapping:
Q - a wand of invisibility (6)
Press: ? - help, Shift-Dir - straight line, f - you You fade into invisibility!
You are very lightly contaminated with residual magic.
This wand has 5 charges left.
The brown ugly thing closely misses you.
You catch the helpless brown ugly thing completely off-guard!
You punch the brown ugly thing!
The brown ugly thing is almost dead.
The brown ugly thing gores you!
* * * LOW HITPOINT WARNING * * *
You are splashed with acid!
The acid burns!
* * * LOW HITPOINT WARNING * * *
The brown ugly thing gores you!
You die...

#######.##.##*#..#*
*,, #.##..,,,..# *,≈
####.####****.# **,≈
#......# **+#* *,,≈
#.##.#.# **...***,,≈
#,##.#.# **....,**,,≈
#.#!.#.#**.....,,,,,,
#....#.##......,,,***
#...@u..'..W...,,,+,,
#......##......,,,***
###..###**.....,,*,,,
##(# **....,**,** #.#
**...***,* #.# **+#*
*,* #.# *,* *,* #.#
*,* *,** *,* ***,**
*,,,


You could see a brown ugly thing and a phantom.

Vanquished Creatures
  Pikel (D:4)
  A deep elf mage (D:12)
  A manticore (D:11)
  Maurice (D:11)
  Joseph (D:7)
  A kobold demonologist (D:11)
  A troll (D:11)
  A fire drake (D:9)
  2 two-headed ogres
  Grinder (D:5)
  A slime creature (D:10)
  Sigmund (D:2)
  5 yaks (D:11)
  A wyvern (D:8)
  2 hippogriffs
  A hungry ghost (D:10)
  Menkaure (D:7)
  4 wargs (D:11)
  A soldier ant (D:11)
  4 orc warriors
  3 water moccasins
  A wasp (D:11)
  A sky beast (D:10)
  An ogre (D:7)
  3 centaurs
  2 phantoms
  A giant frog (D:10)
  A big kobold (D:11)
  7 scorpions
  6 crimson imps
  5 hounds
  9 jellies
  2 centaur zombies
  6 orc wizards
  2 giant frog zombies
  2 giant frog skeletons (D:6)
  3 orc priests
  Crazy Yiuf (D:6)
  Jessica (D:3)
  5 iguanas
  Natasha (twice) (D:4)
  7 worker ants
  8 gnolls
  13 adders
  A worker ant zombie (D:8)
  3 shadow imps
  17 oozes
  7 giant geckos
  31 orcs
  A ball python (D:3)
  8 bats
  3 goblins
  10 hobgoblins
  9 jackals
  11 kobolds
  2 quokkas
  6 giant cockroaches
  5 rats
  A fungus (D:6)
239 creatures vanquished.

Vanquished Creatures (collateral kills)
  A hill giant (D:11)
  A gnoll (D:3)
2 creatures vanquished.

Vanquished Creatures (others)
  Eustachio (D:4)
  An orc wizard (D:5)
  2 gnolls (D:3)
  An orc (D:4)
  Natasha (D:4)
  4 fungi (D:10)
10 creatures vanquished.

Grand Total: 251 creatures vanquished

Notes
Turn   | Place    | Note
--------------------------------------------------------------
     0 | D:1      | Geeful the Human Wanderer began the quest for the Orb.
     0 | D:1      | Geeful set off with: a +2 scale mail, a +0 falchion, a potion of curing, a bread ration
     0 | D:1      | Reached XP level 1. HP: 16/16 MP: 1/1
   214 | D:1      | Reached skill level 1 in Unarmed Combat
   316 | D:1      | Reached XP level 2. HP: 22/22 MP: 2/2
   847 | D:1      | Reached XP level 3. HP: 20/27 MP: 3/3
  1043 | D:2      | Found a bloodstained altar of Trog.
  1218 | D:2      | Reached XP level 4. HP: 14/33 MP: 4/4
  1244 | D:2      | HP: 1/49 [gnoll (2)]
  1548 | D:2      | Noticed Sigmund
  1566 | D:2      | Killed Sigmund
  1566 | D:2      | Reached skill level 5 in Unarmed Combat
  1566 | D:2      | Reached XP level 5. HP: 38/38 MP: 5/5
  1566 | D:2      | Reached XP level 6. HP: 44/44 MP: 6/6
  2090 | D:2      | Found an oddly glowing altar of Pakellas.
  2252 | D:3      | Noticed Jessica
  2280 | D:3      | Killed Jessica
  2280 | D:3      | Reached skill level 6 in Unarmed Combat
  2880 | D:3      | Found a sparkling altar of Nemelex Xobeh.
  2980 | D:3      | Reached XP level 7. HP: 46/50 MP: 7/7
  3027 | D:3      | Found a deep blue altar of Sif Muna.
  3239 | D:3      | Identified Sif Muna's Incunabulum of the Countless Wars
  3629 | D:4      | Noticed Eustachio
  3637 | D:4      | Noticed Pikel
  3676 | D:4      | Killed Pikel
  3676 | D:4      | Reached skill level 8 in Unarmed Combat
  3676 | D:4      | Reached XP level 8. HP: 7/56 MP: 8/8
  3986 | D:4      | Killed Eustachio
  4036 | D:4      | Reached skill level 9 in Unarmed Combat
  4288 | D:4      | Noticed Natasha
  4296 | D:4      | Killed Natasha
  4311 | D:4      | Noticed Natasha
  4320 | D:4      | Killed Natasha
  4329 | D:4      | Killed Natasha
  4462 | D:4      | Found a snail-covered altar of Cheibriados.
  4915 | D:5      | Entered Level 5 of the Dungeon
  4973 | D:5      | Found a staircase to the Ecumenical Temple.
  5000 | Temple   | Entered the Ecumenical Temple
  5377 | D:5      | Found an iron altar of Okawaru.
  5487 | D:5      | Noticed Grinder
  5494 | D:5      | Paralysed by Grinder for 6 turns
  5508 | D:5      | Killed Grinder
  5508 | D:5      | Reached skill level 10 in Unarmed Combat
  5508 | D:5      | Reached XP level 9. HP: 42/61 MP: 9/9
  5972 | D:5      | Found a glowing golden altar of the Shining One.
  6246 | D:5      | Found a sacrificial altar of Ru.
  6398 | D:6      | Found a basalt altar of Yredelemnul.
  6474 | D:6      | Noticed Crazy Yiuf
  6479 | D:6      | Paralysed by Crazy Yiuf for 4 turns
  6484 | D:6      | Killed Crazy Yiuf
  6484 | D:6      | Reached skill level 11 in Unarmed Combat
  6588 | D:6      | Found a blossoming altar of Fedhas.
  6646 | D:6      | Found Geptus's Distillery.
  6657 | D:6      | Found Kuleum's Jewellery Boutique.
  6705 | D:6      | Found Tekegh's Jewellery Emporium.
  6741 | D:6      | Bought an uncursed ring of see invisible for 165 gold pieces
  6783 | D:6      | Found Wuracush's Magic Scroll Shoppe.
  6911 | D:6      | Found Ysaareigh's Assorted Antiques.
  6938 | D:6      | Bought a blackened copper wand for 88 gold pieces
  7402 | D:6      | Reached skill level 12 in Unarmed Combat
  7641 | D:7      | Noticed Joseph
  7810 | D:7      | Noticed Menkaure
  7818 | D:7      | Killed Menkaure
  7873 | D:7      | Reached XP level 10. HP: 47/67 MP: 10/10
  7907 | D:7      | Killed Joseph
  7907 | D:7      | Reached skill level 13 in Unarmed Combat
  8156 | D:7      | Found a glowing silver altar of Zin.
  8213 | D:7      | Found a blossoming altar of Fedhas.
  9793 | D:9      | Found a staircase to the Lair.
  9802 | D:9      | Found a burning altar of Makhleb.
  9812 | D:9      | Became a worshipper of Makhleb the Destroyer
 10111 | D:9      | Reached skill level 14 in Unarmed Combat
 10474 | D:10     | Entered Level 10 of the Dungeon
 10658 | D:10     | Reached * piety under Makhleb
 11272 | D:10     | Reached XP level 11. HP: 60/72 MP: 11/11
 11276 | D:10     | Reached skill level 1 in Shields
 11299 | D:10     | Reached skill level 1 in Invocations
 11462 | D:10     | Reached ** piety under Makhleb
 11644 | D:11     | Noticed a soul eater
 11701 | D:11     | Found a staircase to the Orcish Mines.
 11972 | D:11     | Reached skill level 15 in Unarmed Combat
 12084 | D:11     | Noticed a manticore
 12099 | D:11     | Killed a manticore
 12332 | D:11     | Noticed Maurice
 12357 | D:11     | Killed Maurice
 12359 | D:11     | Noticed a hill giant
 12374 | D:11     | Killed a hill giant
 12569 | D:11     | Identified a scroll of acquirement
 12630 | D:11     | Gained mutation: You have large cloven feet. [potion of mutation]
 12630 | D:11     | Gained mutation: You tend to lose your temper in combat. [potion of mutation]
 12630 | D:11     | Gained mutation: Your spells are a little harder to cast, but a little more powerful. [potion of mutation]
 12633 | D:11     | Gained mutation: You have hoof-like feet. [potion of beneficial mutation]
 12810 | D:6      | Bought a potion of mutation for 25 gold pieces
 12810 | D:6      | Bought a potion of cure mutation for 350 gold pieces
 12810 | D:6      | Bought a potion of mutation for 25 gold pieces
 12812 | D:6      | Gained mutation: Potions and wands are less effective at restoring your health. [potion of mutation]
 12812 | D:6      | Gained mutation: Your body sometimes deteriorates upon taking damage. [potion of mutation]
 12813 | D:6      | Gained mutation: You occasionally shout uncontrollably at your foes. [potion of mutation]
 12813 | D:6      | Gained mutation: You evolve. [potion of mutation]
 12813 | D:6      | Lost mutation: Your spells are a little harder to cast, but a little more powerful. [potion of mutation]
 12814 | D:6      | Lost mutation: You occasionally shout uncontrollably at your foes. [potion of cure mutation]
 12814 | D:6      | Lost mutation: Your body sometimes deteriorates upon taking damage. [potion of cure mutation]
 12986 | D:12     | Found an opulent altar of Gozag.
 12989 | D:12     | Found Gozag's Platinum Reserve.
 13017 | D:12     | Found Lafa's Book Boutique.
 13019 | D:12     | Noticed a deep elf mage
 13032 | D:12     | Killed a deep elf mage
 13032 | D:12     | Reached skill level 5 in Invocations
 13099 | D:12     | Noticed a brown ugly thing
 13112 | D:12     | Slain by a brown ugly thing

Vault maps used:
D:1:      dpeg_arrival_solitude
D:2:      grunt_pakellas_mercury, overflow_temple_1_default, uniq_sigmund
D:3:      led_sif_book, old_standard_altar, first_bread, uniq_jessica
D:4:      cheibriados_altar_1, uniq_eustachio, uniq_pikel, uniq_natasha
D:5:      tso_altar, kennysheep_mini, nicolae_ru_the_path_less_chosen,
          minmay_temple_entry_statues_fountains, uniq_grinder
D:6:      lemuel_coloured_pillars_altar, overflow_temple_1_default,
          serial_shops, nicolae_shop_temple_entry_statues_fountains,
          kennysheep_little_box, shop, nicolae_shop_overgrown_old_shop, shop,
          uniq_crazy_yiuf_cottage
D:7:      lemuel_doored_altar, fedhas_altar_4, uniq_menkaure, uniq_joseph
D:9:      lemuel_crystal_altar, minmay_lair_entry_lava
D:10:     lemuel_slime, serial_glass, glass_columns_a, glass_columns_c
D:11:     minmay_orc_entry_guard_dogs, blue_anna_alchemist, uniq_maurice
D:12:     serial_shops, shop, nicolae_shop_statue_plus, shop, shop,
          kennysheep_mini_moat, enter_bailey_3, minivault_14,
          nicolae_gozag_zags_fifth_avenue
Temple:   corrupted_temple

Action                   |  1- 3 |  4- 6 |  7- 9 | 10-12 || total
-------------------------+-------+-------+-------+-------++-------
Melee: Unarmed           |   136 |   144 |   365 |   337 ||   982
Evoke: Wand              |       |     3 |     2 |     2 ||     7
  Use: Scroll            |     4 |     1 |    11 |     4 ||    20
       Potion            |       |     3 |     3 |    11 ||    17
 Stab: Distracted        |       |       |       |     1 ||     1
       Invisible         |       |       |       |     1 ||     1
  Eat: Chunk             |       |     6 |    15 |    18 ||    39
       Fruit             |       |       |     2 |       ||     2
       Bread ration      |       |       |       |     1 ||     1
       Beef jerky        |       |       |       |     1 ||     1
